Map: 冰棱裂境-天梯版

Players

AeiS

  • Race: Protoss Protoss
  • Spawn Location: 11:00

TIME (Oliveira) - Winner!

  • Race: Terran Terran
  • Spawn Location: 5:00

Event: WCS Montreal 2018

VOD

Have the link to the VOD?

Description

Time

  • Played on: Sept. 7, 2018, 12:16 p.m.
  • Length: 7:11

All games in this series

Show
View Real Time Build Order
Export as new Build Order

AeiS Protoss 

Build Orders: Blink Stalkers 

Get SALT Encoding   

  12  0:00  Probe  
  13  0:12  Probe  
  14  0:20  Pylon  
  14  0:25  Probe  
  15  0:34  Probe  
  15  0:39  Gateway  
  15  0:42  Probe  
  16  0:48  Assimilator  
  17  0:52  Probe  
  18  0:58  Pylon  
  18  1:04  Probe  
  19  1:16  Gateway, Probe  
  20  1:26  Cybernetics Core  
  20  1:44  Probe  
  20  1:45  Zealot  
  22  1:55  Stalker  
  22  1:56  Probe  
  22  1:58  Assimilator  
  22  1:59  Pylon  
  23  2:06  Warp Gate  
  25  2:12  Stalker  
  25  2:14  Probe  
  28  2:24  Stalker  
  30  2:31  Probe  
  31  2:47  Probe  
  32  2:59  Probe  
  33  3:07  Nexus  
  33  3:12  Probe, Twilight Council  
  34  3:16  Pylon  
  34  3:24  Probe  
  35  3:30  Stalker  
  35  3:31  Blink  
  37  3:36  Probe  
  38  3:45  Robotics Facility  
  38  3:48  Probe  
  39  4:00  Probe  
  40  4:11  Stalker x2  
  40  4:16  Probe  
  40  4:17  Shield Battery  
  44  4:20  Probe  
  45  4:27  Shield Battery  
  45  4:29  Probe  
  45  4:30  Probe  
  48  4:41  Probe  
  48  4:43  Probe  
  50  4:46  Stalker  
  50  4:47  Stalker  
  54  4:53  Probe  
  54  4:54  Observer  
  54  4:55  Probe  
  57  5:05  Probe  
  58  5:11  Nexus  
  58  5:14  Probe  
  58  5:16  Pylon, Observer  
  59  5:24  Probe  
  59  5:25  Pylon  
  59  5:27  Probe  
  61  5:35  Warp Prism, Robotics Bay  
  61  5:36  Probe  
  61  5:38  Assimilator  
  61  5:39  Probe  
  61  5:42  Assimilator  
  63  5:48  Probe  
  66  5:51  Probe  
  66  5:55  Stalker  
  69  6:00  Probe  
  69  6:03  Probe  
  71  6:10  Stalker  
  71  6:13  Probe  
  71  6:16  Gateway x2  
  72  6:20  Gateway  
  72  6:21  Stalker  
  74  6:25  Probe  
  74  6:33  Disruptor  
  72  6:40  Stalker  
  67  6:56  Stalker  
  52  7:06  Stalker  
Show
View Real Time Build Order
Export as new Build Order

TIME Terran - Winner!

Build Orders: MMM Bio 

Get SALT Encoding   

  12  0:00  SCV  
  13  0:13  SCV  
  14  0:17  Supply Depot  
  14  0:25  SCV  
  15  0:38  SCV  
  15  0:40  Barracks  
  16  0:43  Refinery  
  16  0:51  SCV  
  17  1:03  SCV  
  18  1:15  SCV  
  19  1:30  Marine, Orbital Command  
  20  1:46  Command Center  
  20  1:48  Barracks Reactor  
  20  1:56  Supply Depot  
  20  1:57  SCV  
  21  2:05  Factory  
  21  2:09  SCV  
  21  2:15  Refinery  
  22  2:20  Bunker  
  22  2:27  Marine x2  
  22  2:29  SCV  
  24  2:41  SCV  
  25  2:45  Marine x2  
  27  2:53  SCV  
  28  2:58  Orbital Command  
  28  3:14  Cyclone  
  28  3:16  Cyclone  
  28  3:19  SCV  
  35  3:21  Barracks Tech Lab  
  35  3:24  SCV  
  36  3:31  SCV  
  37  3:37  SCV  
  38  3:44  Marine  
  38  3:45  SCV, Stimpack  
  38  3:47  Widow Mine  
  42  3:49  SCV, Widow Mine, Supply Depot  
  45  3:57  SCV  
  46  4:11  SCV x2, Barracks  
  46  4:12  Barracks, Marine  
  49  4:18  Factory Tech Lab  
  49  4:21  Engineering Bay  
  49  4:22  Supply Depot  
  49  4:23  SCV  
  50  4:24  SCV  
  50  4:30  Marine  
  52  4:35  SCV  
  52  4:36  SCV  
  54  4:41  Starport  
  54  4:42  Factory Reactor  
  54  4:47  SCV  
  54  4:48  Terran Infantry Weapons Level 1  
  54  4:49  Refinery  
  54  4:52  Marauder  
  57  4:54  SCV  
  57  4:59  SCV, Marine x2  
  61  5:03  Supply Depot  
  61  5:06  Supply Depot  
  61  5:10  Marine  
  62  5:17  Combat Shields  
  62  5:24  Marauder, SCV x2, Marine x2  
  68  5:28  Medivac x2  
  68  5:34  Marauder  
  74  5:36  SCV  
  74  5:38  Missile Turret  
  74  5:40  SCV  
  74  5:42  Marine  
  77  5:43  Marine  
  77  5:47  Supply Depot  
  77  5:48  Supply Depot  
  78  5:52  Concussive Shells  
  78  5:53  SCV, Marine  
  78  5:54  Marine  
  78  5:56  SCV  
  82  5:59  Marine  
  81  6:08  Medivac x2  
  85  6:11  Marauder  
  85  6:17  Marine x2  
  89  6:26  SCV  
  89  6:27  SCV, Marine  
  89  6:31  Command Center  
  92  6:33  Marauder  
  92  6:34  Marine  
  92  6:35  Marauder  
  92  6:39  SCV x2  
  102  6:48  Marine  
  102  6:49  Supply Depot  
  102  6:50  Supply Depot  
  98  6:58  Refinery  
  100  7:02  Barracks  
  100  7:03  Barracks  
Tags
 
Add a new tag
Caveats
  • Supply blocks, unpowered buildings, or Contaminate may cause inaccurate times.
  • Supply counts are checked every 10 seconds.